 Dungeon Crawl Stone Soup version 0.25.1-2-g60ff931df9 (webtiles) character file.

Game seed: 12630139839526609162

1148 DogServant the Changer (level 8, -6/48 HPs)
             Began as a Gargoyle Transmuter on Nov 12, 2020.
             Mangled by a gnoll shaman
             ... wielding a +0 club
              (9 damage)
             ... on level 6 of the Dungeon.
             The game lasted 00:10:30 (8437 turns).

DogServant the Changer (Gargoyle Transmuter)        Turns: 8437, Time: 00:10:31

Health: -6/48      AC:  2    Str: 15    XL:     8   Next: 38%
Magic:  9/11       EV: 19    Int: 15    God:
Gold:   216        SH:  0    Dex: 15    Spells: 5/11 levels left

rFire    . . .     SeeInvis .     - Unarmed
rCold    . . .     Gourm    .   (shield currently unavailable)
rNeg     + + .     Faith    .   (armour currently unavailable)
rPois    ∞         Spirit   .   (helmet currently unavailable)
rElec    .         Reflect  .   (cloak currently unavailable)
rCorr    .         Harm     .   (gloves currently unavailable)
MR       .....                  (boots currently unavailable)
Stlth    +.........             (no amulet)
HPRegen  0.16/turn              t - ring of positive energy
MPRegen  0.12/turn              (no ring)

@: spider-form (expiring)
A: tiny, negative energy resistance 1, petrification resistance, rot immunity,
AC +5
a: End Transformation


You were on level 6 of the Dungeon.
You were not hungry.
You were a venomous arachnid creature.
You visited 1 branch of the dungeon, and saw 6 of its levels.

You collected 216 gold pieces.

Inventory:

Missiles
 a - 78 arrows
 c - 13 poisoned darts (quivered)
Armour
 b - a +0 robe (melded)
 q - a +0 cloak (melded)
Jewellery
 t - a ring of positive energy (left front leg)
Wands
 e - a wand of paralysis (9)
Scrolls
 f - a scroll of magic mapping
 i - 2 scrolls of amnesia
 k - 2 scrolls of enchant weapon {unknown}
 n - a scroll of immolation {unknown}
 o - 3 scrolls of remove curse {unknown}
 p - 5 scrolls of identify {unknown}
 r - 2 scrolls of teleportation {unknown}
 w - a scroll of fear {unknown}
Potions
 g - 2 potions of might {unknown}
 h - a potion of lignification {unknown}
 j - a potion of berserk rage {unknown}
 l - a potion of flight {unknown}
 m - 3 potions of curing {unknown}
 s - 2 potions of stabbing {unknown}
 u - a potion of degeneration {unknown}
 v - 2 potions of mutation {unknown}
Comestibles
 d - a ration


   Skills:
 - Level 4.3 Fighting
 - Level 1.5 Dodging
 - Level 4.0 Unarmed Combat
 - Level 2.0 Spellcasting
 + Level 7.2 Transmutations


You had 5 spell levels left.
You knew the following spells:

 Your Spells              Type           Power        Failure   Level  Hunger
a - Beastly Appendage     Tmut           ###...       5%          1    #......
b - Sticks to Snakes      Tmut           ###.....     7%          2    ###....
c - Spider Form           Tmut/Pois      ##........   34%         3    ###....

Your spell library contained the following spells:

 Spells                   Type           Power        Failure   Level  Hunger
 Blade Hands              Tmut           ###.......   52%         5    ######.
 Ice Form                 Ice/Tmut       ##......     67%         4    #####..


Dungeon Overview and Level Annotations

Branches:
Dungeon (6/15)
 Temple: D:4-7

Altars:
Nemelex Xobeh
Okawaru

Shops:
D:6 =


Innate Abilities, Weirdness & Mutations

You are resistant to torment.
((Your stone body is resilient. (AC +5)))
You are immune to poison.
You resist negative energy. (rN+)
((You are resistant to electric shocks. (rElec)))
((You can survive without breathing.))
You are immune to petrification.
You are immune to rotting.


Message History

The iguana is severely wounded.
The gnoll closely misses you.
The gnoll hits you from afar with a +0 halberd!
* * * LOW HITPOINT WARNING * * *
The iguana barely misses you.
The gnoll shaman hits you with a +0 club.
* * * LOW HITPOINT WARNING * * *
Your transformation is almost over.
You hit the iguana.
The iguana looks as sick as possible!
The iguana is almost dead.
You kill the iguana!
The gnoll hits you but does no damage.
Found a granite ring.
You barely miss the gnoll shaman.
The gnoll shaman is severely wounded.
The gnoll shaman calls upon its god to speed up the gnoll.
The gnoll seems to speed up.
The gnoll closely misses you. The gnoll barely misses you.
The gnoll shaman hits you with a +0 club!
You die...

... .# #=. .# #..# .#
#...###.### ### ##
####........# .....#.#
#...........#
.....#.###.##!.......###
.......##.$##...s...(..#
........#.# #..g........
..........# #.....[.....
..........###.gg........
..........†....##...#...
[........###....#.### ##
..........#.....#.#
...(..............#
...................#


You could see a gnoll shaman and 2 gnolls.

Vanquished Creatures
  2 sky beasts
  A phantom (D:5)
  A centaur (D:6)
  A bullfrog (D:6)
  A scorpion (D:4)
  A howler monkey (D:4)
  A crimson imp (D:5)
  A centaur zombie (D:5)
  A bullfrog skeleton (D:5)
  An orc priest (D:3)
  A centaur skeleton (D:6)
  2 iguanas
  2 jellies (D:5)
  4 worker ants
  A worker ant zombie (D:5)
  Robin (D:2)
  6 gnolls
  7 adders
  A shadow imp (D:5)
  3 oozes
  An adder zombie (D:5)
  2 adder skeletons
  3 worms
  4 dart slugs
  2 leopard geckos (D:1)
  11 orcs
  9 bats
  5 giant cockroaches
  12 goblins
  7 hobgoblins
  7 jackals
  4 quokkas
  A ball python (D:3)
  5 frilled lizards
  2 jackal skeletons
  10 kobolds
  3 rats
127 creatures vanquished.

Notes
Turn   | Place    | Note
-------+----------+-------------------------------------------
     0 | D:1      | DogServant the Gargoyle Transmuter began the quest for the
                  | Orb.
     0 | D:1      | Reached XP level 1. HP: 12/12 MP: 3/3
    52 | D:1      | Reached XP level 2. HP: 13/16 MP: 3/5
   142 | D:1      | Reached skill level 2 in Transmutations
   433 | D:1      | Reached XP level 3. HP: 21/21 MP: 4/6
  1686 | D:2      | Reached XP level 4. HP: 25/28 MP: 7/7
  1745 | D:2      | Learned a level 2 spell: Sticks to Snakes
  2369 | D:2      | Found a sparkling altar of Nemelex Xobeh.
  3071 | D:2      | Reached skill level 3 in Transmutations
  3233 | D:2      | Found a sparkling altar of Nemelex Xobeh.
  3944 | D:3      | Reached XP level 5. HP: 27/33 MP: 8/8
  4605 | D:3      | Noticed Robin
  4844 | D:2      | Killed Robin
  4881 | D:3      | Learned a level 3 spell: Spider Form
  4996 | D:4      | Reached XP level 6. HP: 20/38 MP: 7/9
  5180 | D:4      | Reached skill level 4 in Transmutations
  6372 | D:5      | Entered Level 5 of the Dungeon
  6377 | D:5      | Reached skill level 5 in Transmutations
  6377 | D:5      | Reached XP level 7. HP: 30/43 MP: 8/10
  6663 | D:5      | Found an iron altar of Okawaru.
  7750 | D:5      | Reached skill level 6 in Transmutations
  8252 | D:6      | Found Qefasaodgh's Jewellery Boutique.
  8261 | D:6      | Reached XP level 8. HP: 47/48 MP: 9/11
  8429 | D:6      | Reached skill level 7 in Transmutations
  8431 | D:6      | HP: 2/48 [gnoll shaman/+0 club (3)]
  8437 | D:6      | Mangled by a gnoll shaman

Illustrated notes

Levels and vault maps discovered:
D:1:      minmay_arrival_up_and_down, layout_basic, serial_forest,
          infiniplex_forest_clump_medium, infiniplex_forest_straight_5,
          infiniplex_forest_clump_tiny, infiniplex_forest_clump_medium,
          infiniplex_forest_clump_diagonal, infiniplex_forest_end_2,
          infiniplex_forest_fountain, infiniplex_forest_lined_2,
          infiniplex_forest_clump_C, minmay_unequal
D:2:      layout_basic, serial_curves, eino_curves_01, eino_curves_03,
          nemelex_xobeh_ov_fountains_minmay
D:3:      layout_basic, uniq_robin
D:4:      layout_loops_ring, cheibrodos_sewer_entry_bend, first_ration
D:5:      layout_loops_corners, okawaru_trees_2, minivault_1, st_stairs_14,
          chequers_serial_rivers_small_3
D:6:      layout_rooms, lemuel_temple_firewalk_b, serial_shops, shop,
          nrook_pool_corridor, chequers_serial_rivers_small_3

Skill      XL: |  1  2  3  4  5  6  7  8 |
---------------+-------------------------+-----
Fighting       | 2 3 4 |  4.3
Transmutations | 2 3 5 6 7 |  7.2
Unarmed Combat | 4 |  4.0
Dodging        | |  1.5
Spellcasting   | |  2.0

Action                   |  1- 3 |  4- 6 |  7- 9 || total
-------------------------+-------+-------+-------++-------
Melee: Unarmed           |   105 |   335 |   196 ||   636
       Kick              |    13 |    30 |     9 ||    52
       Headbutt          |     5 |    21 |    14 ||    40
       Punch             |     2 |     6 |       ||     8
Throw: Throwing net      |     1 |       |       ||     1
       Dart              |       |    20 |     9 ||    29
 Cast: Beastly Appendage |    15 |    41 |    12 ||    68
       Sticks to Snakes  |       |       |     2 ||     2
       Spider Form       |       |       |     3 ||     3
  Use: Scroll            |       |     4 |       ||     4
  Eat: Chunk             |     3 |    10 |     1 ||    14
       Ration            |       |     2 |     2 ||     4
Armor: Robe              |    47 |   109 |    51 ||   207
       Skin              |       |       |     1 ||     1
Dodge: Dodged            |   100 |   228 |   132 ||   460
